Match 45829105
Unlisted

Match 45829105
End
Panzergrenadier Squad
Panzergrenadier Squad
Construct Light Support Kompanie
MG34 Team
Fire Support Elements
Panzerjäger Squad
Flakvierling Half-track
2.5-tonne Medical Truck
Selects Panzerjäger Kommand Battlegroup
Selects Mine Fields
Selects Tank Busters
Vehicle Survival Package
Panzerjäger Mechanized Group
Flakvierling Half-track
Construct Panzerarmee Kommand
Walking Stuka Rocket Launcher
Emergency Repair Kits
Panzer III L Medium Tank
Tungsten Core Ammunition
Panzer III L Medium Tank
Advanced Optics
Selects Crew Shock Tactics
Walking Stuka Rocket Launcher
Selects Elefant Tank Destroyer
Panzerjäger Squad
Elefant Tank Destroyer
Selects Defensive Positions
Selects Butterfly Bomb Drop
Butterfly Bomb Drop
Armored Reserves
Panzerjäger Mechanized Group
Rapid Advance
Butterfly Bomb Drop
Panzergrenadier Squad
Tiger Heavy Tank
Leonardo180
ManFrau
Private Dave
DFF
Path of Pain
A'killa
0
0

Comments sign in to comment!

No comments posted yet!